 Dungeon Crawl Stone Soup version 0.20.1-1-g8b1a95d (webtiles) character file.

457 polve the Slasher (level 7, -3/45 HPs)
             Began as a Tengu Berserker on Aug 4, 2017.
             Was a Believer of Trog.
             Slain by Crazy Yiuf
             ... wielding a +3 quarterstaff of chaos
              (13 damage)
             ... on level 3 of the Dungeon.
             The game lasted 00:02:44 (3489 turns).

polve the Slasher (Tengu Berserker)                 Turns: 3489, Time: 00:02:44

Health: -3/45      AC:  3    Str: 18    XL:     7   Next: 6%
Magic:  8/8        EV: 12    Int:  7    God:    Trog [**....]
Gold:   162        SH:  0    Dex: 15    Spells: 6/6 levels left

rFire    . . .     SeeInvis .   a - +0 falchion
rCold    . . .     Gourm    .   (no shield)
rNeg     . . .     Faith    .   n - +0 leather armour
rPois    .         Spirit   .   (helmet restricted)
rElec    .         Reflect  .   (no cloak)
rCorr    .         Harm     .   (no gloves)
MR       .....                  (boots unavailable)
Stlth    +.........             (no amulet)
Regen    0.2/turn               (no ring)
MPRegen  0.2/turn               (no ring)

@: drained
A: beak, talons 3, able to fly 1
a: Fly, Berserk, Trog's Hand, Burn Spellbooks, Renounce Religion


You were on level 3 of the Dungeon.
You worshipped Trog.
Trog was pleased with you.
You were near starving.

You visited 1 branch of the dungeon, and saw 3 of its levels.

You collected 162 gold pieces.

Inventory:

Hand Weapons
 a - a +0 falchion (weapon)
Armour
 n - a +0 leather armour (worn)
Scrolls
 d - 3 scrolls of identify {unknown}
 e - 2 scrolls of enchant weapon {unknown}
 h - 3 scrolls of remove curse {unknown}
 l - a scroll of recharging {unknown}
 m - a scroll of amnesia {unknown}
 o - a scroll of magic mapping {unknown}
 p - a scroll of immolation {unknown}
 r - 3 scrolls of blinking {unknown}
Potions
 b - 2 potions of mutation {unknown}
 g - 4 potions of curing {unknown}
 i - 3 potions of heal wounds {unknown}
 j - 2 potions of cancellation {unknown}
 k - a potion of lignification {unknown}
 q - a potion of might {unknown}
Comestibles
 c - 4 bread rations
 f - 4 fruits


   Skills:
 + Level 5.7(5.2) Fighting
 + Level 6.5(6.1) Long Blades
 - Level 2.1(1.8) Armour
 - Level 2.1(1.8) Dodging


You had 6 spell levels left.
You didn't know any spells.

Dungeon Overview and Level Annotations

Branches:
Dungeon (3/15)

Altars:
Qazlal

Annotations:
D:3 Crazy Yiuf


Innate Abilities, Weirdness & Mutations

You have a beak for a mouth.
You have claws for feet.
You can fly.


Message History

Crazy Yiuf screams, "Trifle turtle sallow!"
Found a mace.
There is an open door here.
You're too hungry.
You hit Crazy Yiuf.
Crazy Yiuf is moderately wounded.
Crazy Yiuf hits you with a quarterstaff of chaos!
You feel drained.
You hit Crazy Yiuf. You claw Crazy Yiuf, but do no damage.
Crazy Yiuf is heavily wounded.
You barely miss Crazy Yiuf. You peck Crazy Yiuf, but do no damage.
Crazy Yiuf is heavily wounded.
Crazy Yiuf hits you with a quarterstaff of chaos!
* * * LOW HITPOINT WARNING * * *
Crazy Yiuf burns you.
* * * LOW HITPOINT WARNING * * *
You slash Crazy Yiuf! Your peck misses Crazy Yiuf.
Crazy Yiuf is almost dead.
Crazy Yiuf hits you with a quarterstaff of chaos!
You die...

......##.##.#
#.#.##.##.......
########.##.#
#.#....##.......
..........###
######..........
.......^..#
#.###......
..........#
##### #.#
#.>....
..........#
#..)# #.#
#......
..........#
#...# ##.#
#######
..........#
#.g.# #..#
..........# #@#
##### #####
....).....##
♣♣.♣ #...# #...#
...........#
♣.♣♣ #.#.# #.#.#
..........##
♣♣.♣ #.#.# #.#.#
...#####.## ♣.♣♣
#.#.# #.#.. ...#
#.# ♣♣.♣♣
#.#.####.###
#### #.# ♣...♣♣
#.#......### #.#
♣....♣
#.#########. #.#
#....# #.# #.


You could see Crazy Yiuf.

Vanquished Creatures
  Sigmund (D:2)
  The ghost of polve the Changer, an amateur DrTm (D:3)
  An orc wizard (D:3)
  Natasha (thrice) (D:2)
  4 adders (D:3)
  A worm (D:2)
  A dart slug (D:1)
  4 leopard geckos
  6 orcs (D:3)
  7 bats
  3 giant cockroaches
  6 goblins
  8 hobgoblins
  4 jackals
  8 kobolds
  2 frilled lizards
  4 rats
64 creatures vanquished.

Vanquished Creatures (others)
  A goblin (D:3)
1 creature vanquished.

Grand Total: 65 creatures vanquished

Notes
Turn   | Place    | Note
-------+----------+-------------------------------------------
     0 | D:1      | polve the Tengu Berserker began the quest for the Orb.
     0 | D:1      | Reached XP level 1. HP: 14/14 MP: 2/2
   241 | D:1      | Reached XP level 2. HP: 19/19 MP: 3/3
   369 | D:1      | Reached skill level 4 in Long Blades
   793 | D:1      | Reached XP level 3. HP: 23/23 MP: 4/4
  1112 | D:2      | Noticed Natasha
  1126 | D:2      | Killed Natasha
  1262 | D:2      | Reached XP level 4. HP: 26/29 MP: 5/5
  1398 | D:2      | Noticed Natasha
  1401 | D:2      | Killed Natasha
  1508 | D:2      | Noticed Sigmund
  1513 | D:2      | Killed Sigmund
  1513 | D:2      | Reached skill level 5 in Long Blades
  1513 | D:2      | Gained mutation: You can fly. [Tengu growth]
  1513 | D:2      | Reached XP level 5. HP: 32/34 MP: 6/6
  1513 | D:2      | Reached XP level 6. HP: 38/40 MP: 7/7
  1763 | D:2      | Noticed Natasha
  1767 | D:2      | Killed Natasha
  1767 | D:2      | Reached skill level 5 in Fighting
  2131 | D:3      | Noticed polve's ghost (amateur DrTm)
  2138 | D:3      | Killed polve's ghost
  2138 | D:3      | Reached skill level 6 in Long Blades
  2288 | D:3      | Reached ** piety under Trog
  2408 | D:3      | Found a stormy altar of Qazlal.
  2610 | D:3      | Reached XP level 7. HP: 43/44 MP: 8/8
  2772 | D:3      | Found a runed door.
  3484 | D:3      | Noticed Crazy Yiuf
  3489 | D:3      | Slain by Crazy Yiuf

Skill      XL: |  1  2  3  4  5  6 |
---------------+-------------------+-----
Long Blades    | 4 5 6 |  6.5
Fighting       | 4 5 |  5.7
Armour         | |  2.1
Dodging        | |  2.1

Action                   |  1- 3 |  4- 6 |  7- 9 || total
-------------------------+-------+-------+-------++-------
Melee: Falchion          |    44 |    64 |    27 ||   135
       Kick              |    13 |    29 |     8 ||    50
       Peck              |     5 |    11 |     4 ||    20
Invok: Berserk           |       |     2 |     1 ||     3
  Eat: Chunk             |     1 |     6 |     2 ||     9
Armor: Animal skin       |     8 |       |       ||     8
       Leather armour    |       |    21 |     9 ||    30
Dodge: Dodged            |    31 |    43 |    16 ||    90
       Rpst.: Falchion   |    12 |    15 |     3 ||    30
